 Dungeon Crawl Stone Soup version 0.31-a0-369-g8eba5f6939 (webtiles) character file.

Game seed: 10568385707231425138

21 floatRand the Ruffian (level 2, 0/24 HPs)
             Began as a Draconian Shapeshifter on July 28, 2023.
             Slain by a quokka (4 damage)
             ... on level 1 of the Dungeon.
             The game lasted 00:00:46 (686 turns).

floatRand the Ruffian (Draconian Shapeshifter)       Turns: 686, Time: 00:00:47

Health: 0/24       AC:  4    Str: 17    XL:     2   Next: 62%
Magic:  2/2        EV: 12    Int:  8    God:
Gold:   81         SH:  0    Dex: 11    Spells: 1/1 levels left

rFire   . .          .
                       - Unarmed
rCold   . . .        (no shield)
rNeg    . . .        (body armour unavailable)
rPois   .            (helmet currently unavailable)
rElec   .            (cloak currently unavailable)
rCorr   .            (gloves currently unavailable)
SInv    .            (boots currently unavailable)
Will    .....        (no amulet)
Stlth   +            (no ring)
HPRegen 0.24/turn    (no ring)
MPRegen 0.08/turn

%: no passive effects
@: beast-form
A: beast (slay +2), AC +4, unfitting armour, cold-blooded
a: Begin Untransformation


You were on level 1 of the Dungeon.
You were a hulking beast.
You visited 1 branch of the dungeon, and saw 2 of its levels.

You collected 81 gold pieces.

Inventory:

Talismans
 b - a beast talisman
Scrolls
 c - a scroll of noise {unknown}
 d - 2 scrolls of identify {unknown}
 f - a scroll of teleportation {unknown}
Potions
 a - a potion of lignification
 e - a potion of enlightenment {unknown}


   Skills:
 + Level 1.7 Fighting
 + Level 2.1 Dodging
 + Level 3.2 Unarmed Combat
 + Level 3.1 Shapeshifting


You had one spell level left.
You didn't know any spells.
Your spell library contained the following spells:

 Spells                   Type           Power      Damage    Failure   Level
 Freeze                   Ice            0%         1d3       41%         1
 Frozen Ramparts          Ice            0%         1d1       78%         3
 Hailstorm                Conj/Ice       0%         3d3       78%         3
 Animate Dead             Necr           0%         N/A       99%         4
 Borgnjor's Vile Clutch   Necr/Erth      0%         N/A       100%        5
 Death Channel            Necr           0%         N/A       100%        6


Dungeon Overview and Level Annotations

Branches:
Dungeon (2/15)

Altars:


Innate Abilities, Weirdness & Mutations

You are a hulking beast.
Your limbs bulge with bestial killing power. (Slay +2)
Your plain brown scales are hard. (AC +4)
You cannot fit into any form of body armour.
You are cold-blooded and may be slowed by cold attacks.


Message History

You feel sick.
You are no longer poisoned.
The quokka bites you. The adder misses you. The quokka closely misses you.
The quokka bites you but does no damage.
You are too injured to fight recklessly!
Unknown command.
You barely miss the adder.
The adder is lightly wounded.
The adder bites you but does no damage. The quokka barely misses you.
The quokka misses you.
Unknown command.
The adder barely misses you. The adder attacks as you move away!
The adder misses you. The rat bites you but does no damage.
The quokka attacks as you move away!
The quokka bites you but does no damage.
The quokka bites you.
You see here a scroll labelled SUGOUFR ZASTO.
The quokka attacks as you move away!
The quokka bites you but does no damage.
The quokka bites you.
* * * LOW HITPOINT WARNING * * *
The rat attacks as you move away! The rat bites you but does no damage.
There is a stone staircase leading up here.
The quokka barely misses you. The quokka bites you.
* * * LOW HITPOINT WARNING * * *
The rat bites you.
* * * LOW HITPOINT WARNING * * *
You climb upwards.
There is a stone staircase leading down here.
Unknown command.
You completely miss the quokka. The quokka closely misses you.
You hit the quokka but do no damage.
The quokka bites you but does no damage. x2
You barely miss the quokka. The quokka barely misses you.
The quokka bites you but does no damage.
The quokka attacks as you move away! The quokka bites you.
* * * LOW HITPOINT WARNING * * *
The quokka attacks as you move away! The quokka bites you.
You die...

#.#.##.##.# #.#.......#
#.####..... #########
#.........# #.......#
###.##.##.#
##.......##############.##.##.#
#.....##.....r.......##.##.....
#..##........r#.####.##.#####..
#..#####..##.#h.........#####..
#.........##.r.....#.#.........
#.........###.#.##.#)#.#######.
##.#######.###.#......#.# #.
##.#.## #........##.###.# #.
#.###.#
#.......##......#######.
##.#.##
#.......###.###......... ##.##
#.>.....# ####..........
###.#### #.......# ##....[....


You could see 2 quokkas and a rat.

Vanquished Creatures
  A dart slug (D:2)
  A bat (D:1)
  5 endoplasms (D:1)
  2 giant cockroaches (D:1)
  A goblin (D:1)
  2 ball pythons (D:1)
  3 frilled lizards (D:1)
  A kobold (D:1)
  2 rats (D:1)
18 creatures vanquished.

Notes
Turn   | Place    | Note
-------+----------+-------------------------------------------
     0 | D:1      | floatRand the Draconian Shapeshifter began the quest for
                  | the Orb.
     0 | D:1      | Reached XP level 1. HP: 16/16 MP: 1/1
   247 | D:1      | Reached XP level 2. HP: 23/23 MP: 2/2
   686 | D:1      | Slain by a quokka

Illustrated notes

Levels and vault maps discovered:
D:1:      minmay_arrival_open_corners, layout_loops_cross, minmay_cut_off
D:2:      layout_rooms

Skill      XL: |  1 |
---------------+----+-----
Dodging        | 2 |  2.1
Fighting       | |  1.7
Unarmed Combat | |  3.2
Shapeshifting  | |  3.1

Action                     || total
---------------------------++-------
  Melee: Unarmed           ||    51
         Tailslap          ||     3
   Stab: Sleeping          ||     2
 Armour: Skin              ||    24
  Dodge: Dodged            ||    39

Table legend: (Time is in decaauts)
 A = Elapsed time spent in this place.
 B = Non-inter-level travel time spent in this place.
 C = Inter-level travel time spent in this place.
 D = Time resting spent in this place.
 E = Time spent auto-exploring this place.
 F = Levels seen in this place.
 G = Mean time per level.
                   A        B        C        D        E       F      G
               +--------+--------+--------+--------+--------+-----+--------+
         Total |    687 |    662 |     25 |      0 |    512 |   2 |  343.5 |
       Dungeon |    687 |    662 |     25 |      0 |    512 |   2 |  343.5 |
               +--------+--------+--------+--------+--------+-----+--------+

Top non-repeatable levels by time:
     D:1: 660 daAuts
     D:2: 27 daAuts
